 Dungeon Crawl Stone Soup version 0.32-a0-422-g28b100f618 (webtiles) character file.

Game seed: 14224699822539954372

168 Ceno the Shooter (level 5, 0/36 (41) HPs)
             Began as a Coglin Hunter on Feb 21, 2024.
             Was an Initiate of Okawaru.
             Slain by Blork the orc
             ... wielding a +1 dire flail of draining
              (1 damage)
             ... on level 4 of the Dungeon.
             The game lasted 00:05:41 (2531 turns).

Ceno the Shooter (Coglin Hunter)                    Turns: 2531, Time: 00:05:42

HP:   0/36 (41)     AC:  3    Str: 12    XL:     5   Next: 49%
MP:   5/5           EV: 12    Int:  8    God:    Okawaru [......]
Gold: 293           SH:  0    Dex: 19    Spells: 4/4 levels left

rFire   . . .        a - +0 shortbow {Henutmehyt}
rCold   . . .        (shield currently unavailable)
rNeg    . . .        c - +0 leather armour
rPois   .            (no helmet)
rElec   .            (no cloak)
rCorr   .            (no gloves)
SInv    .            (no boots)
Will    .....        (no amulet)
Stlth   ++           (no ring)
HPRegen 0.26/turn    (no ring)
MPRegen 0.09/turn

%: no passive effects
@: immotile, heavily drained, revved
A: off-hand wielding, slow wielding, warmup strikes, legs shutdown
a: Renounce Religion


You were on level 4 of the Dungeon.
You worshipped Okawaru.
Okawaru was noncommittal.
You visited 1 branch of the dungeon, and saw 4 of its levels.

You collected 293 gold pieces.

Inventory:

Hand Weapons
 a - a +0 shortbow (weapon) {Henutmehyt}
Missiles
 e - 11 poisoned darts
Armour
 c - a +0 leather armour (worn)
Scrolls
 b - a scroll of butterflies
 d - 2 scrolls of immolation
 g - a scroll of brand weapon {unknown}
 h - a scroll of fog {unknown}
 m - a scroll of identify {unknown}
 n - a scroll of enchant armour {unknown}
Potions
 f - a potion of haste {unknown}
 i - a potion of brilliance {unknown}
 j - a potion of invisibility {unknown}
 k - 2 potions of curing {unknown}
 l - a potion of enlightenment {unknown}


   Skills:
 + Level 3.2 Fighting
 * Level 4.9 Ranged Weapons
 - Level 1.7 Dodging
 + Level 2.2 Stealth


You had 4 spell levels left.
You didn't know any spells.
Your spell library was empty.

Dungeon Overview and Level Annotations

Branches:
Dungeon (4/15)
 Temple: D:4-7

Altars:
Gozag
Nemelex Xobeh
Okawaru

Annotations:
D:4 Blork the orc


Innate Abilities, Weirdness & Mutations

You can wield a second weapon in your off-hand.
It takes a long time for you to wield or remove held weapons.
Your first few attacks do less damage.
Attacking and casting redirects power from your legs.


Message History

You climb downwards.
Found a beast talisman.
There is a stone staircase leading up here.
You shoot an arrow. The arrow hits Blork the orc.
Blork the orc shouts!
Blork the orc is lightly wounded.
You shoot an arrow. The arrow hits Blork the orc.
Blork the orc is moderately wounded.
You shoot an arrow. The arrow hits Blork the orc.
Blork the orc is moderately wounded.
Blork the orc casts a cantrip, but nothing happens.
You shoot an arrow. The arrow closely misses Blork the orc.
You shoot an arrow. The arrow hits Blork the orc.
Blork the orc is heavily wounded.
Blork the orc casts a spell at you. The puff of flame hits you!
You shoot an arrow.
The arrow hits Blork the orc but does no damage.
Blork the orc is heavily wounded.
You shoot an arrow. The arrow hits Blork the orc.
Blork the orc is heavily wounded.
You shoot an arrow.
The arrow completely misses Blork the orc.
Blork the orc hits you with a +1 dire flail of draining!
You feel drained.
You shoot an arrow. The arrow closely misses Blork the orc.
Blork the orc hits you with a +1 dire flail of draining!
You feel drained.
You are too injured to fight recklessly!
You shoot an arrow. The arrow hits Blork the orc.
Blork the orc is severely wounded.
Blork the orc closely misses you.
You shoot an arrow. The arrow closely misses Blork the orc.
Blork the orc points at you and mumbles some strange words.
The magic dart hits you!
* * * LOW HITPOINT WARNING * * *
Blork the orc hits you with a +1 dire flail of draining.
* * * LOW HITPOINT WARNING * * *
You feel drained.
You die...

## . #.
#.###
#####...###
#......@..#
#.#....o..#
#.......#
#.......#
.........#
###.......#
#.......#
###%#####


You could see Blork the orc.

Vanquished Creatures
  2 orc wizards (D:3)
  2 adders
  5 dart slugs
  2 ribbon worms (D:2)
  An orc (D:3)
  2 ball pythons (D:1)
  2 bats
  10 endoplasms
  4 goblins
  5 hobgoblins
  6 kobolds
  2 quokkas
  2 frilled lizards
  A rat (D:2)
46 creatures vanquished.

Notes
Turn   | Place    | Note
-------+----------+-------------------------------------------
     0 | D:1      | Ceno the Coglin Hunter began the quest for the Orb.
     0 | D:1      | Reached XP level 1. HP: 16/16 MP: 1/1
    34 | D:1      | Reached skill level 1 in Stealth
    50 | D:1      | Reached XP level 2. HP: 22/22 MP: 2/2
   139 | D:1      | Reached skill level 4 in Ranged Weapons
   172 | D:1      | Found a faded altar of an unknown god.
   186 | D:1      | Reached XP level 3. HP: 28/28 MP: 3/3
   868 | D:2      | Found an iron altar of Okawaru.
   874 | D:2      | Became a worshipper of Warmaster Okawaru
  1208 | D:2      | Reached XP level 4. HP: 34/34 MP: 4/4
  1896 | D:3      | Reached XP level 5. HP: 26/41 MP: 5/5
  2030 | D:3      | Found an opulent altar of Gozag.
  2223 | D:3      | Found a sparkling altar of Nemelex Xobeh.
  2520 | D:4      | Noticed Blork the orc
  2531 | D:4      | HP: 1/38 [Blork the orc/+1 dire flail of draining (6)]
  2531 | D:4      | Slain by Blork the orc

Illustrated notes

Levels and vault maps discovered:
D:1:      elethiomel_arrival_quiet, layout_basic,
          hellmonk_ecumenical_altar_blasted, minmay_gold_behind_fungi
D:2:      layout_basic, basic_altar, minmay_tripent
D:3:      layout_basic, overflow_temple_1_default, mainiacjoe_overflow_alcove_4
D:4:      layout_loops_corners, uniq_sigmund, uniq_ijyb, uniq_grinder,
          uniq_blork_the_orc

Skill      XL: |  1  2  3  4 |
---------------+-------------+-----
Stealth        | 1 2 |  2.2
Ranged Weapons | 4 |  4.9
Fighting       | 3 |  3.2
Dodging        | |  1.7

Action                     |  1- 3 |  4- 6 || total
---------------------------+-------+-------++-------
   Fire: Shortbow          |    81 |   100 ||   181
 Armour: Leather armour    |     3 |    33 ||    36
  Dodge: Dodged            |     4 |    25 ||    29

Table legend: (Time is in decaauts)
 A = Elapsed time spent in this place.
 B = Non-inter-level travel time spent in this place.
 C = Inter-level travel time spent in this place.
 D = Time resting spent in this place.
 E = Time spent auto-exploring this place.
 F = Levels seen in this place.
 G = Mean time per level.
                   A        B        C        D        E       F      G
               +--------+--------+--------+--------+--------+-----+--------+
         Total |   2570 |   2475 |     95 |    189 |   1688 |   4 |  642.5 |
       Dungeon |   2570 |   2475 |     95 |    189 |   1688 |   4 |  642.5 |
               +--------+--------+--------+--------+--------+-----+--------+

Top non-repeatable levels by time:
     D:3: 982 daAuts
     D:1: 796 daAuts
     D:2: 778 daAuts
     D:4: 12 daAuts
